3L
AUSTIN RANGERS @ WIZARDING EXPRESS
09/15/2023
 
TOP OF THE 1ST
Austin Rangers batting - Pitching for Wizarding Express : RHP Henry Hall
Pitching: RHP Henry Hall
Batting: RHB Tony Hernández 0-0: Foul Ball, location: 2F
0-1: Swinging Strike
0-2: Strikes out swinging
Batting: RHB Pablo Trujillo 0-0: Fly out, F7 (Flyball, 7D)
Batting: LHB Jesús Reyes 0-0: Called Strike
0-1: Ball
1-1: Called Strike
1-2: Ball
2-2: Ball
3-2: Ground out 4-3 (Groundball, 4M)
Top of the 1st over - 0 run(s), 0 hit(s), 0 error(s), 0 left on base; Austin 0 - Wizarding 0
BOTTOM OF THE 1ST
Wizarding Express batting - Pitching for Austin Rangers : LHP Pat Farrell
Pitching: LHP Pat Farrell
Batting: RHB António Martínez 0-0: Ball
1-0: Swinging Strike
1-1: Swinging Strike
1-2: Ball
2-2: DOUBLE (Groundball, 5L)
Batting: LHB Chris Thurman 0-0: SINGLE (Groundball, 6M)
António Martínez to third
Batting: RHB Cole Shaffer 0-0: Ball
1-0: Called Strike
1-1: Ball
2-1: Fly out, F5 (Popup, 25)
Batting: LHB Nathan Tanner 0-0: Called Strike
0-1: Ball
1-1: Ball
2-1: Foul Ball, location: 2F
2-2: SINGLE (Groundball, 34S)
António Martínez scores
Chris Thurman to second
Runner from 2nd tries for 3rd, SAFE, throw made to third
Batting: RHB Rafael Arredondo 0-0: Ball
1-0: Called Strike
Nathan Tanner is caught stealing 2nd base
1-1: Swinging Strike
1-2: Foul Ball, location: 2F
1-2: SINGLE (Groundball, 56D)
Chris Thurman scores
Batting: RHB Tenshin Ichikawa 0-0: Ball
1-0: Fly out, F8 (Flyball, 78XD)
Bottom of the 1st over - 2 run(s), 4 hit(s), 0 error(s), 1 left on base; Austin 0 - Wizarding 2
TOP OF THE 2ND
Austin Rangers batting - Pitching for Wizarding Express : RHP Henry Hall
Batting: LHB Yun Yen 0-0: Ball
1-0: Ball
2-0: Fly out, F8 (Flyball, 78D)
Batting: RHB Jeff Green 0-0: Swinging Strike
0-1: Ball
1-1: Called Strike
1-2: Ball
2-2: Strikes out swinging
Batting: LHB Enrique Sánchez 0-0: Ground out 4-3 (Groundball, 4)
Top of the 2nd over - 0 run(s), 0 hit(s), 0 error(s), 0 left on base; Austin 0 - Wizarding 2
BOTTOM OF THE 2ND
Wizarding Express batting - Pitching for Austin Rangers : LHP Pat Farrell
Batting: LHB Emílio Sáenz 0-0: Ball
1-0: Swinging Strike
1-1: Called Strike
1-2: Ball
2-2: Ball
3-2: Base on Balls
Batting: RHB Turner Coleman 0-0: SINGLE (Line Drive, 6M)
Emílio Sáenz to second
Batting: RHB Nathan Clay 0-0: Called Strike
0-1: Called Strike
0-2: Ball
1-2: Ball
2-2: Strikes out swinging
Batting: RHB António Martínez 0-0: Called Strike
0-1: Called Strike
0-2: Fielders Choice at 2nd, 6-4 (Groundball, 6)
Emílio Sáenz to third
Batting: LHB Chris Thurman 0-0: Called Strike
0-1: Ball
1-1: Foul Ball, location: 2F
1-2: Foul Ball, location: 2F
1-2: Ball
2-2: Fly out, F7 (Flyball, 7LM)
Bottom of the 2nd over - 0 run(s), 1 hit(s), 0 error(s), 2 left on base; Austin 0 - Wizarding 2
TOP OF THE 3RD
Austin Rangers batting - Pitching for Wizarding Express : RHP Henry Hall
Batting: RHB Yuji Ine 0-0: Called Strike
0-1: Swinging Strike
0-2: Ball
1-2: Foul Ball, location: 2F
1-2: Ball
2-2: SINGLE (Line Drive, 56)
Batting: LHB Motoshige Kitamura 0-0: Ball
1-0: Ball
2-0: Foul Ball, location: 2F
2-1: Foul Ball, location: 2F
2-2: Ball
Wild Pitch!
Yuji Ine to second
3-2: Ground out U3 (Groundball, 3S)
Yuji Ine to third
Batting: RHB Joaquín Parra 0-0: Swinging Strike
0-1: Ball
1-1: Foul Ball, location: 2F
1-2: Ball
2-2: Strikes out looking
Batting: RHB Tony Hernández 0-0: Ball
1-0: Ball
2-0: Called Strike
2-1: Ground out 6-3 (Groundball, 56)
Top of the 3rd over - 0 run(s), 1 hit(s), 0 error(s), 1 left on base; Austin 0 - Wizarding 2
BOTTOM OF THE 3RD
Wizarding Express batting - Pitching for Austin Rangers : LHP Pat Farrell
Batting: RHB Cole Shaffer 0-0: Fly out, F7 (Flyball, 7LD)
Batting: LHB Nathan Tanner 0-0: Ball
1-0: Ground out 4-3 (Groundball, 34)
Batting: RHB Rafael Arredondo 0-0: Ball
1-0: Ball
2-0: Fly out, F8 (Flyball, 8RS)
Bottom of the 3rd over - 0 run(s), 0 hit(s), 0 error(s), 0 left on base; Austin 0 - Wizarding 2
TOP OF THE 4TH
Austin Rangers batting - Pitching for Wizarding Express : RHP Henry Hall
Batting: RHB Pablo Trujillo 0-0: Swinging Strike
0-1: Foul Ball, location: 2F
0-2: Ball
1-2: Ball
2-2: Foul Ball, location: 2F
2-2: Ball
3-2: Foul Ball, location: 2F
3-2: Base on Balls
Batting: LHB Jesús Reyes 0-0: Ball
1-0: Foul Ball, location: 2F
1-1: Ball
2-1: Foul Ball, location: 2F
2-2: Foul Ball, location: 2F
2-2: Ball
Wild Pitch!
Pablo Trujillo to second
3-2: Base on Balls
Batting: LHB Yun Yen 0-0: SINGLE (Groundball, 3D)
Pablo Trujillo to third
Jesús Reyes to second
Batting: RHB Jeff Green 0-0: Ball
1-0: Called Strike
1-1: Foul Ball, location: 2F
1-2: Ball
2-2: Ball
3-2: Foul Ball, location: 2F
3-2: Fly out, F8 (Popup, 6MD)
Batting: LHB Enrique Sánchez 0-0: Ball
1-0: SINGLE (Line Drive, 6MD)
Pablo Trujillo scores
Jesús Reyes to third
Yun Yen to second
Batting: RHB Yuji Ine 0-0: Called Strike
0-1: Ball
1-1: Swinging Strike
1-2: Ball
2-2: Ball
3-2: Foul Ball, location: 2F
3-2: Foul Ball, location: 2F
3-2: Foul Ball, location: 2F
3-2: Foul Ball, location: 2F
3-2: Strikes out looking
Batting: LHB Motoshige Kitamura 0-0: Ball
1-0: Ball
2-0: Ball
3-0: Called Strike
3-1: Base on Balls
Jesús Reyes scores
Yun Yen to third
Enrique Sánchez to second
Batting: RHB Joaquín Parra 0-0: Ball
1-0: Ball
2-0: Foul Ball, location: 2F
2-1: Ball
3-1: Ground out 4-3 (Groundball, 4)
Top of the 4th over - 2 run(s), 2 hit(s), 0 error(s), 3 left on base; Austin 2 - Wizarding 2
BOTTOM OF THE 4TH
Wizarding Express batting - Pitching for Austin Rangers : LHP Pat Farrell
Batting: RHB Tenshin Ichikawa 0-0: Called Strike
0-1: Ground out 6-3 (Groundball, 6M)
Batting: LHB Emílio Sáenz 0-0: Called Strike
0-1: Ball
1-1: Fly out, F7 (Flyball, 7LMF)
Batting: RHB Turner Coleman 0-0: Bunted foul
0-1: Ball
1-1: SOLO HOME RUN (Line Drive, 7D), Distance : 371 ft
Batting: RHB Nathan Clay 0-0: Called Strike
0-1: Swinging Strike
0-2: Ball
1-2: Strikes out swinging
Bottom of the 4th over - 1 run(s), 1 hit(s), 0 error(s), 0 left on base; Austin 2 - Wizarding 3
TOP OF THE 5TH
Austin Rangers batting - Pitching for Wizarding Express : RHP Henry Hall
Batting: RHB Tony Hernández 0-0: Called Strike
0-1: Ball
1-1: SINGLE (Popup, 6D)
Batting: RHB Pablo Trujillo 0-0: Sac Bunt - play at first, batter safe!
Tony Hernández to second
Batting: LHB Jesús Reyes 0-0: Swinging Strike
0-1: Swinging Strike
0-2: Foul Ball, location: 2F
0-2: Ball
1-2: Ball
2-2: Fly out, F5 (Popup, 15)
Pitching: LHP Dave Davis
Batting: LHB Yun Yen 0-0: Ball
1-0: Ball
2-0: Grounds into double play, 6-4-3 (Groundball, 6M)
Top of the 5th over - 0 run(s), 2 hit(s), 0 error(s), 1 left on base; Austin 2 - Wizarding 3
BOTTOM OF THE 5TH
Wizarding Express batting - Pitching for Austin Rangers : LHP Pat Farrell
Batting: RHB António Martínez 0-0: Ball
1-0: Ball
2-0: Foul Ball, location: 2F
2-1: Called Strike
2-2: Ball
3-2: Base on Balls
Batting: LHB Chris Thurman 0-0: Ball
1-0: Fielders Choice at 2nd, 4-6 (Groundball, 4)
Batting: RHB Cole Shaffer 0-0: Ball
1-0: Grounds into double play, 6-4-3 (Groundball, 6)
Bottom of the 5th over - 0 run(s), 0 hit(s), 0 error(s), 0 left on base; Austin 2 - Wizarding 3
TOP OF THE 6TH
Austin Rangers batting - Pitching for Wizarding Express : LHP Dave Davis
Batting: RHB Jeff Green 0-0: Ground out 4-3 (Groundball, 34)
Batting: LHB Enrique Sánchez 0-0: Swinging Strike
0-1: Swinging Strike
0-2: Strikes out swinging
Batting: RHB Yuji Ine 0-0: Ball
1-0: Foul Ball, location: 2F
1-1: Called Strike
1-2: Ground out 5-3 (Groundball, 5)
Top of the 6th over - 0 run(s), 0 hit(s), 0 error(s), 0 left on base; Austin 2 - Wizarding 3
BOTTOM OF THE 6TH
Wizarding Express batting - Pitching for Austin Rangers : LHP Pat Farrell
Batting: LHB Nathan Tanner 0-0: Called Strike
0-1: Fly out, F7 (Flyball, 7M)
Batting: RHB Rafael Arredondo 0-0: Called Strike
0-1: Ball
1-1: Called Strike
1-2: SINGLE (Groundball, 4D)
Batting: RHB Tenshin Ichikawa 0-0: Called Strike
0-1: Ball
1-1: Ball
2-1: Foul Ball, location: 2F
2-2: Ball
3-2: Fly out, F7 (Flyball, 78M)
3-2: Fly out, F7 (Flyball, 78M)
Batting: LHB Emílio Sáenz 0-0: Ball
1-0: Ball
Rafael Arredondo steals 2nd base
2-0: SINGLE (Line Drive, 3D)
Rafael Arredondo to third
Runner from 3rd tries for Home, SAFE, no throw or cutoff
Batting: RHB Turner Coleman 0-0: Foul Ball, location: 2F
0-1: Ball
1-1: Ball
2-1: Swinging Strike
2-2: Strikes out swinging
Bottom of the 6th over - 1 run(s), 2 hit(s), 0 error(s), 1 left on base; Austin 2 - Wizarding 4
TOP OF THE 7TH
Austin Rangers batting - Pitching for Wizarding Express : LHP Dave Davis
Batting: LHB Motoshige Kitamura 0-0: Called Strike
0-1: Ball
1-1: Fly out, F2 (Popup, 23F)
Batting: RHB Joaquín Parra 0-0: Ball
1-0: Ball
2-0: Ball
3-0: Called Strike
3-1: Swinging Strike
3-2: Strikes out looking
Batting: RHB Tony Hernández 0-0: Ball
1-0: Foul Ball, location: 2F
1-1: Ball
2-1: Ball
3-1: Base on Balls
Batting: RHB Pablo Trujillo 0-0: Called Strike
0-1: Called Strike
0-2: Ball
1-2: Foul Ball, location: 2F
1-2: Ball
2-2: Ball
3-2: SINGLE (Flyball, 78S)
Tony Hernández to second
Tony Hernández to third
Pitching: RHP Jackson Haines
Batting: LHB Jesús Reyes 0-0: Ball
1-0: Called Strike
1-1: Swinging Strike
1-2: Fly out, F5 (Popup, 25F)
Top of the 7th over - 0 run(s), 1 hit(s), 0 error(s), 2 left on base; Austin 2 - Wizarding 4
BOTTOM OF THE 7TH
Wizarding Express batting - Pitching for Austin Rangers : LHP Pat Farrell
Batting: RHB Nathan Clay 0-0: Ball
1-0: Foul Ball, location: 2F
1-1: Ball
2-1: Ball
3-1: Base on Balls
Pitching: LHP Han-lee Pak
Batting: RHB António Martínez 0-0: Ball
1-0: Bunted foul
1-1: Sac Bunt - play at first, batter OUT! 1-4
Nathan Clay to second
Batting: LHB Chris Thurman 0-0: Called Strike
0-1: Ball
1-1: SINGLE (Groundball, 4MD)
Nathan Clay to third
Runner from 3rd tries for Home, SAFE, no throw or cutoff
Batting: RHB Cole Shaffer 0-0: Ball
1-0: Called Strike
1-1: Ball
2-1: Called Strike
2-2: Ball
3-2: Fly out, F8 (Flyball, 8LXD)
Batting: LHB Nathan Tanner 0-0: Ball
1-0: Ball
2-0: Ball
3-0: Fly out, F8 (Flyball, 8RXD)
Bottom of the 7th over - 1 run(s), 1 hit(s), 0 error(s), 1 left on base; Austin 2 - Wizarding 5
TOP OF THE 8TH
Austin Rangers batting - Pitching for Wizarding Express : RHP Jackson Haines
Batting: LHB Yun Yen 0-0: SOLO HOME RUN (Flyball, 9LD), Distance : 335 ft
Batting: RHB Jeff Green 0-0: Foul Ball, location: 2F
0-1: Fly out, F9 (Line Drive, 89S)
Batting: LHB Enrique Sánchez 0-0: SINGLE (Line Drive, 6MD)
Pitching: RHP Enrico Reséndez
Batting: RHB Yuji Ine 0-0: Ball
1-0: Called Strike
1-1: Foul Ball, location: 2F
1-2: Ball
2-2: SINGLE (Line Drive, 9S)
Enrique Sánchez to second
Batting: LHB Motoshige Kitamura 0-0: Called Strike
0-1: Fly out, F8 (Flyball, 8RD)
Runner from 2nd tags up, SAFE at 3rd, no throw
Pinch Hitting: SHB Xavier Vásquez 0-0: Ball
1-0: Ground out 2-3 (Groundball, 2R)
Top of the 8th over - 1 run(s), 3 hit(s), 0 error(s), 2 left on base; Austin 3 - Wizarding 5
BOTTOM OF THE 8TH
Wizarding Express batting - Pitching for Austin Rangers : LHP Han-lee Pak
Now at SS: Xavier Vásquez
Batting: RHB Rafael Arredondo 0-0: Called Strike
0-1: Ball
1-1: Swinging Strike
1-2: Strikes out swinging
Batting: RHB Tenshin Ichikawa 0-0: Called Strike
0-1: Foul Ball, location: 2F
0-2: Ball
1-2: Ball
2-2: Ground out 6-3 (Groundball, 6M)
Batting: LHB Emílio Sáenz 0-0: Ball
1-0: Called Strike
1-1: Called Strike
1-2: Ball
2-2: Strikes out swinging
Bottom of the 8th over - 0 run(s), 0 hit(s), 0 error(s), 0 left on base; Austin 3 - Wizarding 5
TOP OF THE 9TH
Austin Rangers batting - Pitching for Wizarding Express : RHP Enrico Reséndez
Pitching: LHP Lúcio Benítez
Batting: RHB Tony Hernández 0-0: Called Strike
0-1: Swinging Strike
0-2: Ball
1-2: Foul Ball, location: 2F
1-2: Foul Ball, location: 2F
1-2: Foul Ball, location: 2F
1-2: Ball
2-2: Ball
3-2: SINGLE (Groundball, 34D)
Batting: RHB Pablo Trujillo 0-0: Foul Ball, location: 2F
0-1: Fly out, F7 (Flyball, 78M)
Batting: LHB Jesús Reyes 0-0: Called Strike
0-1: Ball
1-1: Foul Ball, location: 2F
1-2: Ball
2-2: Ball
3-2: Strikes out swinging
Throwing error on steal attempt, E2
Tony Hernández to third
Batting: LHB Yun Yen 0-0: Called Strike
0-1: Foul Ball, location: 2F
0-2: DOUBLE (Groundball, 3L)
Tony Hernández scores
Batting: RHB Jeff Green 0-0: Ground out 5-3 (Groundball, 56)
Top of the 9th over - 1 run(s), 2 hit(s), 1 error(s), 1 left on base; Austin 4 - Wizarding 5
This league is powered by Out of the Park Baseball, the baseball management simulation game for PC, Mac and Linux
Friday, July 8th, 2016 - OOTP Baseball 16.9 Build 39